 Dungeon Crawl Stone Soup version 0.29-a0-338-g1ff7896281 (webtiles) character file.

Game seed: 14014714349523026307

46 zeratav the Vexing (level 3, -3/16 HPs)
             Began as a Vine Stalker Enchanter on Apr 17, 2022.
             Slain by a gnoll
             ... wielding a +0 spear
              (4 damage)
             ... on level 2 of the Dungeon.
             The game lasted 00:02:20 (1481 turns).

zeratav the Vexing (Vine Stalker Enchanter)         Turns: 1481, Time: 00:02:21

Health: -3/16      AC:  2    Str: 10    XL:     3   Next: 68%
Magic:  0/7        EV: 12    Int: 15    God:
Gold:   52         SH:  0    Dex: 16    Spells: 4/6 levels left

rFire   . . .      SeeInvis .   a - +1 dagger {short}
rCold   . . .      Faith    .   (no shield)
rNeg    . . .      Spirit   +   b - +0 robe
rPois   .          Reflect  .   (no helmet)
rElec   .          Harm     .   (no cloak)
rCorr   .          Rampage  .   (no gloves)
Will    .....                   (no boots)
Stlth   +++.......              (no amulet)
HPRegen 0.05/turn               (no ring)
MPRegen 0.10/turn               (no ring)

@: no status effects
A: fangs 2, magic shield, antimagic bite, no potion heal 2
a: no special abilities


You were on level 2 of the Dungeon.
You visited 1 branch of the dungeon, and saw 2 of its levels.

You collected 52 gold pieces.


Innate Abilities, Weirdness & Mutations

You have extremely sharp teeth.
When hurt, damage is shared between your health and your magic reserves.
Your bite disrupts and absorbs the magic of your enemies.
Potions cannot restore your health.


   Skills:
 - Level 0.8 Short Blades
 - Level 1.5 Dodging
 - Level 3.6 Stealth
 - Level 2.1 Spellcasting
 + Level 4.5 Hexes


You had 4 spell levels left.
You knew the following spells:

 Your Spells              Type           Power      Damage    Failure   Level
a - Ensorcelled Hibernat  Hex/Ice        16%        N/A       13%         2

Your spell library contained the following spells:

 Spells                   Type           Power      Damage    Failure   Level
 Confusing Touch          Hex            15%        N/A       10%         3
 Tukima's Dance           Hex            15%        N/A       10%         3
 Dazzling Flash           Conj/Hex       16%        N/A       26%         3
 Summon Guardian Golem    Hex/Summ       8%         N/A       26%         3
 Dispersal                Tloc           0%         N/A       100%        6
 Orb of Destruction       Conj           0%         9d5       100%        7
 Spellforged Servitor     Conj/Summ      0%         N/A       100%        7
 Disjunction              Tloc           0%         N/A       100%        8

Inventory:

Hand Weapons
 a - a +1 dagger (weapon) {short}
 l - a +0 short sword of venom {short}
   (You took it off a kobold on level 1 of the Dungeon)
Armour
 b - a +0 robe (worn)
 h - a +0 leather armour
   (You found it on level 1 of the Dungeon)
 j - a +0 robe
   (You found it on level 1 of the Dungeon)
 k - a +0 scale mail
   (You found it on level 1 of the Dungeon)
Scrolls
 d - a scroll of immolation {unknown}
 f - 5 scrolls of identify {unknown}
 g - a scroll of fear {unknown}
 i - a scroll of noise {unknown}
Potions
 c - 2 potions of invisibility
 e - 2 potions of heal wounds {unknown}
 m - a potion of flight {unknown}
 n - a potion of degeneration {unknown}

Dungeon Overview and Level Annotations

Branches:
Dungeon (2/15)

Altars:
#####...####.# #.# ####..... ##.## #.# #.# #..#P..P. #.# #)# #.#### #g#gPg..g

#.#####.###....###.#...P..
.......รท....###....#....P.
#...........###..###P.....
#######.......#..# #####_#
###..g..#..# #..P..P
#@.g..#.## #....PS
#..g....# ..PPP.
##....#.####P.PP..
#..#.#..##.#P....
#..........#PP.P.
#.##....##.#.P.P.
#.####..##..##P.. #.#
#..##### .. #.#
#..#####.###


You could see 3 gnolls.


Message History

HP[+2] MP[+1]
Your hp is fully restored (16).
Your mp is fully restored (7).
f - 5 scrolls labelled XYEBLA ANUOMIQ (gained 1)
Found a faded altar of an unknown god.
A hobgoblin comes into view.
No reachable target in view!
The helpless hobgoblin fails to defend itself.
You puncture the hobgoblin!
You kill the hobgoblin!
n - a white potion A bat comes into view.
You barely miss the bat. The bat closely misses you.
The bat closely misses you.
A gnoll comes into view. It is wielding a +0 spear.
The bat hits you but does no damage.
A gnoll comes into view. It is wielding a +0 spear.
The bat closely misses you.
A gnoll comes into view. It is wielding a +2 spear of flaming.
The gnoll shouts!
The bat hits you but does no damage. The bat hits you.
MP[-1]
You lost 1 mp, and now have 6/7 mp.
You barely miss the bat. The bat hits you.
The gnoll throws a throwing net.
The throwing net misses you.
You miss the bat. The bat barely misses you.
The gnoll throws a throwing net.
The throwing net barely misses you. The bat misses you.
You closely miss the bat.
The gnoll shouts!
You bite the bat.
You kill the bat!
A worm comes into view.
The gnoll hits you from afar with a +0 spear.
The gnoll hits you from afar with a +2 spear of flaming.
The gnoll burns you.
You are too injured to fight recklessly!
HP[-6] MP[-2]
You take 6 damage, and now have 10/16 hp.
MASSIVE DAMAGE!! (PAUSE)
You lost 2 mp, and now have 4/7 mp.
MP[+1] HP[+1] MP[+1]
An adder comes into view.
MP[+1]
Your mp is fully restored (7).
HP[+1]
There is a stone staircase leading up here.
You climb upwards.
There is a stone staircase leading down here.
You start resting.
HP[+4]
Your hp is fully restored (16).
You climb downwards.
There is a stone staircase leading up here.
Casting: Ensorcelled Hibernation (safe; 13% risk of failure)
Confirm with . or Enter, or press ? or * to list all spells.
Okay, then.
Casting: Ensorcelled Hibernation (safe; 13% risk of failure)
Confirm with . or Enter, or press ? or * to list all spells.
Aiming: Ensorcelled Hibernation (safe; 13% risk of failure)
Press: ? - help, Shift-Dir - straight line, f - gnoll
Aim: a gnoll, wielding a +2 spear of flaming (chance to affect: 50%)
You miscast Ensorcelled Hibernation.
You are very lightly contaminated with residual magic.
Nothing appears to happen.
MP[-2]
You lost 2 mp, and now have 5/7 mp.
Casting: Ensorcelled Hibernation (safe; 13% risk of failure)
Confirm with . or Enter, or press ? or * to list all spells.
Aiming: Ensorcelled Hibernation (safe; 13% risk of failure)
Press: ? - help, Shift-Dir - straight line, f/p - gnoll
Aim: a gnoll, wielding a +2 spear of flaming (chance to affect: 50%)
The gnoll looks drowsy...
MP[-2]
You lost 2 mp, and now have 3/7 mp.
The gnoll hits you from afar with a +0 spear.
HP[-3]
You take 3 damage, and now have 13/16 hp.
The gnoll closely misses you.
You hit the gnoll. The gnoll barely misses you.
The gnoll hits you with a +0 spear.
HP[-3] MP[-1]
You take 3 damage, and now have 10/16 hp.
You lost 1 mp, and now have 2/7 mp.
The gnoll hits you from afar with a +2 spear of flaming!
* * * LOW HITPOINT WARNING * * *
The gnoll burns you.
* * * LOW HITPOINT WARNING * * *
The gnoll barely misses you.
HP[-9] MP[-2]
You take 9 damage, and now have 1/16 hp.
MASSIVE DAMAGE!! (PAUSE)
You lost 2 mp, and now have 0/7 mp.
Your magical contamination has completely faded away.
There is a stone staircase leading up here.
The gnoll barely misses you.
The gnoll hits you from afar with a +0 spear.
You die...

Skill      XL: |  1  2 |
---------------+-------+-----
Hexes          | 4 |  4.5
Short Blades   | |  0.8
Dodging        | |  1.5
Stealth        | |  3.6
Spellcasting   | |  2.1

Action                   || total
-------------------------++-------
Melee: Dagger            ||    49
       Bite              ||    10
 Cast: Ensorcelled Hiber ||     6
 Stab: Sleeping          ||    18
Armor: Robe              ||    11
Dodge: Dodged            ||    36

Levels and vault maps discovered:
D:1:      minmay_arrival_plants_in_alcoves, layout_basic
D:2:      layout_loops_ring, shapermc_ecumenical_altar_gd, cheibrodos_gnoll_hut

Notes
Turn   | Place    | Note
-------+----------+-------------------------------------------
     0 | D:1      | zeratav the Vine Stalker Enchanter began the quest for the
                  | Orb.
     0 | D:1      | Reached XP level 1. HP: 9/9 MP: 4/4
     0 | D:1      | magus.rc [v1.9.6]
   149 | D:1      | Reached XP level 2. HP: 13/13 MP: 6/6
   248 | D:1      | You pick up a book of the Warp and begin reading...
   248 | D:1      | You add the spells Dispersal and Disjunction to your
                  | library.
   252 | D:1      | Learned a level 2 spell: Ensorcelled Hibernation
   760 | D:1      | You pick up a book of Dangerous Friends and begin
                  | reading...
   760 | D:1      | You add the spells Summon Guardian Golem, Orb of
                  | Destruction and Spellforged Servitor to your library.
  1027 | D:2      | Reached skill level 4 in Hexes
  1027 | D:2      | Reached XP level 3. HP: 16/16 MP: 2/7
  1278 | D:2      | Found a faded altar of an unknown god.
  1479 | D:2      | HP: 4/16 [gnoll/+2 spear of flaming (6)]
  1479 | D:2      | HP: 1/16 [gnoll/+2 spear of flaming (3)]
  1481 | D:2      | Slain by a gnoll

Vanquished Creatures
  2 adders (D:2)
  2 endoplasms (D:1)
  2 giant cockroaches (D:1)
  5 goblins
  2 hobgoblins
  2 kobolds (D:1)
  3 quokkas
  2 ball pythons
  5 bats
  A rat (D:1)
26 creatures vanquished.

Vanquished Creatures (others)
  2 demonic plants (D:2)
  A fungus (D:2)
  A plant (D:2)
  2 withered plants (D:2)
6 creatures vanquished.

Grand Total: 32 creatures vanquished

Table legend:
 A = Non-vault XP
 B = Vault XP
 C = Vault XP percentage of total XP
 D = Non-vault monster count
 E = Vault monster count
 F = Vault count percentage of total count
                 A         B        C        D         E       F
            +---------+---------+-------+---------+---------+-------
      Total |      67 |       0 |   0.0 |      26 |       0 |   0.0
            +---------+---------+-------+---------+---------+-------
        D:1 |      28 |       0 |   0.0 |      16 |       0 |   0.0
        D:2 |      39 |       0 |   0.0 |      10 |       0 |   0.0
            +---------+---------+-------+---------+---------+-------

Illustrated notes

Table legend:
 A = Kills in this place as a percentage of kills in entire the game.
 B = Kills by you in this place as a percentage of kills by you in the entire game.
 C = Kills by friends in this place as a percentage of kills by friends in the entire game.
 D = Other kills in this place as a percentage of other kills in the entire game.
 E = Experience gained in this place as a percentage of experience gained in the entire game.
 F = Experience gained in this place divided by the number of levels of this place that you have seen.
                   A       B       C       D       E      F
               +-------+-------+-------+-------+-------+----------------------
         Total | 100.0 | 100.0 |   N/A |   N/A | 100.0 |  33.5
       Dungeon | 100.0 | 100.0 |   N/A |   N/A | 100.0 |  33.5
               +-------+-------+-------+-------+-------+----------------------

Table legend: (Time is in decaauts)
 A = Elapsed time spent in this place.
 B = Non-inter-level travel time spent in this place.
 C = Inter-level travel time spent in this place.
 D = Time resting spent in this place.
 E = Time spent auto-exploring this place.
 F = Levels seen in this place.
 G = Mean time per level.
                   A        B        C        D        E       F      G
               +--------+--------+--------+--------+--------+-----+--------+
         Total |   1481 |   1470 |     11 |    117 |   1119 |   2 |  740.5 |
       Dungeon |   1481 |   1470 |     11 |    117 |   1119 |   2 |  740.5 |
               +--------+--------+--------+--------+--------+-----+--------+

Top non-repeatable levels by time:
     D:1: 1139 daAuts
     D:2: 341 daAuts
